 Dungeon Crawl Stone Soup version 0.31-a0-799-g6bc09d010c (webtiles) character file.

Game seed: 1404765046049757192

14094 Armakuni the Frost Mage (level 12, -10/94 HPs)
             Began as a Meteoran Conjurer on Sept 19, 2023.
             Was a Believer of Vehumet.
             Mangled by an ettin
             ... wielding a +0 dire flail
              (18 damage)
             ... on level 2 of the Orcish Mines.
             The game lasted 00:28:34 (5836 turns).

Armakuni the Frost Mage (Meteoran Conjurer)         Turns: 5836, Time: 00:28:34

Health: -10/94     AC:  6    Str: 10    XL:     12   Next: 74%
Magic:  6/27       EV: 13    Int: 24    God:    Vehumet [**....]
Gold:   823        SH:  0    Dex: 13    Spells: 11/31 levels left

rFire   . . .        a - staff of conjuration
rCold   . . .        (no shield)
rNeg    . . .        l - +2 robe {Will+}
rPois   .            (no helmet)
rElec   .            m - +0 cloak
rCorr   .            t - +0 pair of gloves
SInv    +            (no boots)
Will    ++...        (no amulet)
Stlth   +            I - ring of see invisible
HPRegen 0.35/turn    (no ring)
MPRegen 0.20/turn

%: no passive effects
@: glowing
A: sense surroundings 2, otherworldly, glowing, explore regen
a: Renounce Religion


You were on level 2 of the Orcish Mines.
You worshipped Vehumet.
Vehumet was pleased with you.
You visited 3 branches of the dungeon, and saw 13 of its levels.
You also visited: Sewer.

You collected 859 gold pieces.
You spent 36 gold pieces at shops.

Inventory:

Hand Weapons
 b - a +1 short sword of venom
Armour
 j - a +0 buckler
 l - a +2 robe of willpower (worn)
 m - a +0 cloak (worn)
 t - a +0 pair of gloves (worn)
Magical Staves
 a - a staff of conjuration (weapon)
Jewellery
 F - a ring of fire
 I - a ring of see invisible (left hand)
Talismans
 g - a talisman of death
Wands
 k - a wand of digging (6)
 v - a wand of flame (1)
Scrolls
 n - 2 scrolls of teleportation
 o - 2 scrolls of fog
 p - 2 scrolls of noise
 u - a scroll of torment
Potions
 e - a potion of enlightenment
 f - 2 potions of curing
 h - a potion of ambrosia {unknown}
 i - 2 potions of mutation
 s - 2 potions of haste {unknown}
 w - a potion of brilliance {unknown}
 z - a potion of heal wounds {unknown}
Miscellaneous
 c - a phantom mirror (inert)


   Skills:
 - Level 5.0 Fighting
 - Level 5.0 Staves
 - Level 4.0 Armour
 - Level 5.0 Dodging
 - Level 1.4 Stealth
 - Level 10.0 Spellcasting
 - Level 10.0 Conjurations
 - Level 4.0 Translocations
 + Level 11.1 Ice Magic
 - Level 10.0 Evocations


You had 11 spell levels left.
You knew the following spells:

 Your Spells              Type           Power      Damage    Failure   Level
m - Iskenderun's Mystic   Conj/Tloc      62%        2d13      3%          4
o - Ozocubu's Armour      Ice            60%        N/A       1%          3
p - Fulminant Prism       Conj/Hex       26%        3d13      7%          4
r - Ozocubu's Refrigerat  Ice            30%        4d14      41%         7
z - Searing Ray           Conj           100%       2d8       1%          2

Your spell library contained the following spells:

 Spells                   Type           Power      Damage    Failure   Level
 Frozen Ramparts          Ice            100%       1d16      1%          3
 Magic Dart               Conj           100%       1d8       1%          1
 Dazzling Flash           Conj/Hex       100%       N/A       1%          3
 Sting                    Tmut/Pois      48%        1d5       5%          1
 Poisonous Vapours        Pois/Air       24%        N/A       8%          2
 Olgreb's Toxic Radiance  Pois           12%        N/A       45%         4


Dungeon Overview and Level Annotations

Branches:
Dungeon (10/15) Zot: 1312  Temple (1/1) D:4 Zot: 578    Lair (0/5) D:9
    Orc (2/2) D:10 Zot: 255   Sewer (visited)
    Elf: Orc:2

Altars:
Ashenzari
Cheibriados
Dithmenos
Elyvilon
Fedhas
Gozag
Hepliaklqana
Kikubaaqudgha
Makhleb
Ru
Sif Muna
Uskayaw
Vehumet
Wu Jian
Xom
Yredelemnul
Zin

Shops:
D:4 !   D:5 :


Innate Abilities, Weirdness & Mutations

You passively map the area around you.
You are easily found by Zot.
You glow in the dark.
You regain HP and MP as you explore.


Message History

Press: ? - help, Shift-Dir - straight line, f/p - ettin
Aim: an ettin, wielding two +0 dire flails (lightly wounded, 95% to hit)
The puff of flame hits the ettin.
The ettin is lightly wounded.
The orc knight roars a battlecry!
Okay, then.
Press: ? - help, v - describe, . - travel
Here: an ettin, wielding two +0 dire flails (lightly wounded)
The floor.
Okay, then.
Aiming: Searing Ray (safe; 1% risk of failure)
Press: ? - help, Q - select action, (/) - cycle Shift-Dir - straight line, p - ettin You feel a surge of power!
The searing ray hits the warg.
You kill the warg!
Vehumet accepts your kill.
You feel your power returning.
The searing ray hits the ettin!
The ettin is moderately wounded. (Press . to maintain the ray.)
The saltling misses you.
Restarting spell: Searing Ray (safe; 1% risk of failure)
Press: ? - help, Q - select action, (/) - cycle Shift-Dir - straight line You feel a surge of power!
The searing ray hits the ettin.
The ettin is moderately wounded. (Press . to maintain the ray.)
The saltling misses you.
An orc warrior comes into view. It is wielding a +0 dire flail.
Your ettin hits the ettin but does no damage. x2
The ettin hits you with a +0 dire flail!! x2
* * * LOW HITPOINT WARNING * * *
The searing ray hits the ettin.
The ettin is moderately wounded.
The searing ray hits the orc.
The orc is severely wounded.
The saltling hits you but does no damage.
The orc warrior hits your ettin but does no damage.
Your ettin hits the orc warrior with a +0 dire flail!!
Your ettin hits the orc warrior but does no damage.
The ettin hits you with a +0 dire flail!!
You die...

, , , ,, ....8.....
#.... * *
#.............8.###...#
*
#..#................#.#
∩
#...........#..........
,, *
##..#...##.....o.......
* ,
.#.....T....#....oo....$
..........o$.....oo...<.
........9.o.o..))......9
#....@CCoo.o))o.......
*#....##..o...........#.
##.., #........$......#
## , #.............$..
#..#..$.......... ,
#................# *
##.#....#........ *
#.#............#
,,........... *


You could see an orc knight, an ettin, a troll, 3 orc warriors, a saltling, an
orc wizard (strong), 2 orcs and a friendly ettin (summoned, drained).

Vanquished Creatures
  An orc warlord (Orc:1)
  Erica (D:9)
  2 two-headed ogres
  A deep elf pyromancer (D:10)
  An orc sorcerer (Orc:1)
  Maggie (D:7)
  Prince Ribbit (D:8)
  4 saltlings
  Sigmund (D:6)
  6 slime creatures
  3 wyverns
  A vampire (D:10)
  10 yaks
  A basilisk (D:9)
  Edmund (D:6)
  Menkaure (D:7)
  5 wargs
  4 water moccasins
  An ice beast (D:6)
  2 black bears (D:9)
  9 orc warriors
  10 ogres
  A sky beast (D:8)
  3 wolves (D:9)
  A centaur (D:9)
  2 kobold brigands
  2 phantoms
  4 bullfrogs
  2 scorpions (D:5)
  Dowan (D:7)
  9 killer bees
  6 crimson imps (D:7)
  5 hounds (D:5)
  11 orc priests
  A gnoll bouda (Orc:1)
  2 sleepcaps
  2 iguanas
  11 orc wizards
  A mummy (D:6)
  5 gnolls (Orc:1)
  4 adders
  7 white imps
  An ufetubus (D:7)
  A worm (D:3)
  29 orcs
  An endoplasm (D:2)
  3 giant cockroaches
  A hobgoblin (D:1)
  2 jackals (Sewer)
  12 kobolds
  3 quokkas (D:5)
  A ball python (D:4)
  A bat (D:3)
  2 frilled lizards
  A goblin (D:4)
  A rat (D:1)
206 creatures vanquished.

Vanquished Creatures (collateral kills)
  A water moccasin (D:7)
  Duvessa (D:7)
2 creatures vanquished.

Vanquished Creatures (others)
  23 fulminant prisms
23 creatures vanquished.

Grand Total: 231 creatures vanquished

Notes
Turn   | Place    | Note
-------+----------+-------------------------------------------
     0 | D:1      | Armakuni the Meteoran Conjurer began the quest for the Orb.
     0 | D:1      | Reached XP level 1. HP: 14/14 MP: 5/5
    51 | D:1      | Reached skill level 5 in Conjurations
   104 | D:2      | Reached XP level 2. HP: 18/20 MP: 6/6
   110 | D:1      | Learned a level 2 spell: Searing Ray
   361 | D:5      | Entered Level 5 of the Dungeon
   361 | D:5      | Noticed a scorpion
   364 | D:5      | Killed a scorpion
   365 | D:5      | Reached XP level 3. HP: 26/26 MP: 4/8
   365 | D:5      | Reached XP level 4. HP: 33/33 MP: 4/9
   391 | D:6      | Noticed Sigmund
   469 | D:5      | Reached XP level 5. HP: 32/38 MP: 1/10
   598 | D:5      | Reached XP level 6. HP: 37/45 MP: 2/11
   603 | D:5      | Learned a level 4 spell: Iskenderun's Mystic Blast
   697 | D:5      | Reached skill level 1 in Translocations
   708 | D:5      | Found a glowing drain.
   721 | Sewer    | Entered a sewer
   826 | Sewer    | Noticed a water moccasin
   830 | Sewer    | Killed a water moccasin
   831 | Sewer    | Reached XP level 7. HP: 50/50 MP: 7/13
   894 | Sewer    | Identified the +0 leather armour of Esumegyri {rElec Str+3
                  | Dex+3 Slay-4}
  1139 | D:6      | Noticed Edmund
  1182 | D:6      | Killed Edmund
  1258 | D:7      | Reached XP level 8. HP: 32/57 MP: 10/16
  1430 | D:6      | Reached skill level 5 in Spellcasting
  1505 | D:7      | Noticed Maggie
  1520 | D:7      | Killed Maggie
  1521 | D:7      | Reached skill level 10 in Conjurations
  1675 | D:7      | Gained mutation: You passively map the area around you.
                  | [Meteoran growth]
  1675 | D:7      | Reached XP level 9. HP: 59/62 MP: 10/17
  1683 | D:7      | Reached skill level 5 in Evocations
  1771 | D:7      | Found a white marble altar of Elyvilon.
  1816 | D:7      | Noticed Duvessa
  1818 | D:7      | Noticed Dowan
  1825 | D:7      | Killed Dowan
  1825 | D:7      | Killed Duvessa
  1853 | D:7      | Found a shimmering altar of Xom.
  1859 | D:7      | Noticed a slime creature
  1883 | D:7      | Killed a slime creature
  1968 | D:7      | Learned a level 4 spell: Fulminant Prism
  2010 | D:7      | Noticed a slime creature
  2020 | D:7      | Noticed a slime creature
  2020 | D:7      | Noticed a slime creature
  2021 | D:7      | Killed a slime creature
  2047 | D:8      | Killed a slime creature
  2163 | D:7      | Noticed a slime creature
  2163 | D:7      | Noticed a slime creature
  2177 | D:8      | Killed a slime creature
  2179 | D:8      | Reached skill level 10 in Evocations
  2179 | D:8      | Reached skill level 1 in Fighting
  2179 | D:8      | Reached skill level 1 in Staves
  2179 | D:8      | Reached XP level 10. HP: 44/71 MP: 3/18
  2297 | D:8      | Noticed Prince Ribbit
  2304 | D:8      | Killed Prince Ribbit
  2322 | D:8      | Found a burning altar of Makhleb.
  2381 | D:8      | Found an ancient bone altar of Kikubaaqudgha.
  2493 | D:7      | Noticed Menkaure
  2499 | D:7      | Killed Menkaure
  2603 | D:7      | Found a glowing silver altar of Zin.
  2603 | D:7      | Found an ornate altar of the Wu Jian Council.
  2777 | D:6      | Killed Sigmund
  2778 | D:6      | Reached skill level 5 in Staves
  2866 | D:6      | Found a blossoming altar of Fedhas.
  3119 | D:6      | Reached skill level 5 in Fighting
  3369 | D:5      | Found Zamyn's Self-Improvement Boutique.
  3434 | D:4      | Found Nuputwo's Distillery.
  3520 | D:4      | Bought a potion of curing for 36 gold pieces
  3697 | D:4      | Found a staircase to the Ecumenical Temple.
  3711 | Temple   | Entered the Ecumenical Temple
  3722 | Temple   | Became a worshipper of Vehumet
  4050 | D:9      | Reached skill level 5 in Dodging
  4050 | D:9      | Reached skill level 1 in Armour
  4053 | D:9      | Noticed Erica
  4092 | D:8      | Noticed a two-headed ogre
  4098 | D:8      | Killed a two-headed ogre
  4107 | D:8      | Learned a level 7 spell: Ozocubu's Refrigeration
  4137 | D:9      | Reached XP level 11. HP: 86/86 MP: 14/20
  4144 | D:9      | Noticed a two-headed ogre
  4294 | D:9      | Killed Erica
  4353 | D:9      | Reached skill level 10 in Spellcasting
  4353 | D:9      | Reached skill level 1 in Ice Magic
  4396 | D:9      | Reached skill level 2 in Ice Magic
  4399 | D:9      | Killed a two-headed ogre
  4399 | D:9      | Reached * piety under Vehumet
  4399 | D:9      | Offered knowledge of Sandblast by Vehumet.
  4400 | D:9      | Reached skill level 4 in Ice Magic
  4419 | D:9      | Found a broken altar of Ashenzari.
  4439 | D:9      | Found a shimmering blue altar of Sif Muna.
  4478 | D:9      | Found a sacrificial altar of Ru.
  4526 | D:9      | Reached skill level 5 in Ice Magic
  4530 | D:9      | Found a staircase to the Lair.
  4552 | D:10     | Entered Level 10 of the Dungeon
  4552 | D:10     | Noticed a deep elf pyromancer
  4559 | D:10     | Killed a deep elf pyromancer
  4581 | D:10     | Reached skill level 6 in Ice Magic
  4596 | D:10     | Found a hazy altar of Hepliaklqana.
  4632 | D:10     | Learned a level 3 spell: Ozocubu's Armour
  4680 | D:10     | Reached XP level 12. HP: 85/94 MP: 17/27
  4689 | D:10     | Reached ** piety under Vehumet
  4689 | D:10     | Offered knowledge of Freeze by Vehumet.
  4690 | D:10     | Reached skill level 7 in Ice Magic
  4834 | D:10     | Found a staircase to the Orcish Mines.
  4892 | Orc:1    | Entered Level 1 of the Orcish Mines
  5118 | Orc:2    | Entered Level 2 of the Orcish Mines
  5120 | Orc:2    | Noticed an orc knight
  5123 | Orc:2    | Reached skill level 8 in Ice Magic
  5282 | Orc:1    | Noticed an orc warlord
  5294 | Orc:1    | Reached skill level 9 in Ice Magic
  5306 | Orc:1    | Killed an orc warlord
  5306 | Orc:1    | Offered knowledge of Frozen Ramparts by Vehumet.
  5307 | Orc:1    | Reached skill level 10 in Ice Magic
  5824 | Orc:2    | Noticed an ettin
  5829 | Orc:2    | Reached skill level 11 in Ice Magic
  5836 | Orc:2    | Mangled by an ettin

Illustrated notes

Levels and vault maps discovered:
D:1:      shiori_shiawase, layout_basic, minmay_stone_trees_medium,
          chequers_mini_garden, st_stairs_8, chequers_serial_rivers_room_a,
          minmay_misc_feat_five, bh_walls_and_bars
D:2:      layout_loops_ring, uniq_jessica
D:3:      layout_basic, marbit_many_paths, mainiacjoe_overflow_brackets,
          dreamdust_ecumenical_altar_hidden_monk_grotto, minmay_box_of_dots,
          uniq_robin
D:4:      layout_loops_corners, nicolae_overflow_crystal_walls,
          minmay_temple_entry_sparse_star, serial_shops,
          nicolae_shop_just_a_little_nook, nicolae_inconvenience_store
D:5:      layout_basic, portal_sewer_entry_f, nicolae_shop_self_help
D:6:      layout_loops_ring, fedhas_altar_4, gup_ossuary_entry_pyramid,
          dk_rats_in_the_wall, uniq_edmund, uniq_sigmund
D:7:      layout_gridville, chequers_temple_overflow_statue_of_worship,
          mainiacjoe_overflow_small_starburst, mainiacjoe_overflow_boulevard,
          serial_rivers, chequers_serial_rivers_small_b,
          chequers_serial_rivers_large_a, chequers_serial_rivers_small_b,
          chequers_serial_rivers_micro_c, chequers_serial_rivers_micro_b,
          minmay_nine_imps, uniq_duvessa, uniq_maggie, uniq_menkaure
D:8:      layout_basic, kennysheep_mini, old_standard_altar,
          grunt_decor_clamped, uniq_prince_ribbit1
D:9:      layout_cave_pools, mainiacjoe_overflow_paths, lemuel_doored_altar,
          mainiacjoe_overflow_catwalk_spiral, ashenzari_altar_1,
          minmay_lair_entry_grove, lightli_church_of_beogh, uniq_erica
D:10:     layout_basic, lemuel_tele_altar, david_orc_2, enter_trove_0
Temple:   nicolae_temple_bog_church
Orc:1:    layout_diamond_mine
Orc:2:    hellmonk_orc_salted, layout_caves, uniq_urug

Skill      XL: |  1  2  3  4  5  6  7  8  9 10 11 12 |
---------------+-------------------------------------+-----
Conjurations   | 5 6 7 8 10 | 10.0
Spellcasting   | 3 4 5 10 | 10.0
Translocations | 2 3 4 |  4.0
Evocations     | 4 10 | 10.0
Fighting       | 1 5 |  5.0
Staves         | 1 5 |  5.0
Dodging        | 5 |  5.0
Armour         | 4 |  4.0
Ice Magic      | 6 11 | 11.1
Stealth        | |  1.4

Action                     |  1- 3 |  4- 6 |  7- 9 | 10-12 || total
---------------------------+-------+-------+-------+-------++-------
  Melee: Flail             |     3 |       |       |       ||     3
         Staff             |       |     1 |    42 |   102 ||   145
         Short sword       |       |       |     2 |       ||     2
         Punch             |       |       |     2 |     3 ||     5
   Cast: Magic Dart        |    16 |     1 |       |       ||    17
         Searing Ray       |     1 |    15 |    40 |    58 ||   114
         Iskenderun's Myst |       |       |     4 |    35 ||    39
         Fulminant Prism   |       |       |     1 |    22 ||    23
Ability: Begin Untransform |     1 |       |       |       ||     1
  Evoke: Phantom mirror    |       |       |     1 |     2 ||     3
         Wand              |       |       |       |    13 ||    13
    Use: Scroll            |       |       |     8 |     9 ||    17
         Potion            |       |       |     1 |       ||     1
 Armour: Robe              |     1 |     9 |    29 |    14 ||    53
         Steam dragon scal |       |       |    57 |   130 ||   187
  Dodge: Dodged            |     3 |     6 |    85 |   135 ||   229
   Form: Death             |     1 |       |       |       ||     1

Table legend: (Time is in decaauts)
 A = Elapsed time spent in this place.
 B = Non-inter-level travel time spent in this place.
 C = Inter-level travel time spent in this place.
 D = Time resting spent in this place.
 E = Time spent auto-exploring this place.
 F = Levels seen in this place.
 G = Mean time per level.
                   A        B        C        D        E       F      G
               +--------+--------+--------+--------+--------+-----+--------+
         Total |   5867 |   5207 |    660 |    766 |   2151 |  14 |  419.1 |
       Dungeon |   4687 |   4118 |    569 |    505 |   1618 |  10 |  468.7 |
        Temple |     21 |     12 |      9 |      0 |      0 |   1 |   21.0 |
  Orcish Mines |    943 |    861 |     82 |    163 |    493 |   2 |  471.5 |
         Sewer |    214 |    214 |      0 |     98 |     40 |   1 |  214.0 |
               +--------+--------+--------+--------+--------+-----+--------+

Top non-repeatable levels by time:
     D:7: 1146 daAuts
   Orc:1: 905 daAuts
     D:6: 759 daAuts
     D:8: 744 daAuts
     D:5: 711 daAuts
     D:4: 384 daAuts
    D:10: 338 daAuts
     D:9: 274 daAuts
   Sewer: 214 daAuts
     D:3: 174 daAuts
     D:2: 90 daAuts
     D:1: 63 daAuts
   Orc:2: 38 daAuts
  Temple: 21 daAuts
